 Dungeon Crawl Stone Soup version 0.32-a0-328-gd8048dd28f (webtiles) character file.

Game seed: 10036579185900099067

14751 Bigboy123 the Executioner (level 11, -1/132 HPs)
             Began as a Minotaur Berserker on Feb 16, 2024.
             Was an Elder of Trog.
             Slain by a manticore (7 damage)
             ... on level 11 of the Dungeon.
             The game lasted 00:29:30 (9538 turns).

Bigboy123 the Executioner (Minotaur Berserker)      Turns: 9538, Time: 00:29:31

Health: -1/132     AC:  6    Str: 30 (31) XL:     11   Next: 92%
Magic:  11/11      EV: 11    Int:  2 (3)  God:    Trog [****..]
Gold:   402        SH: 12    Dex: 13 (14) Spells: 10/10 levels left

rFire   . . .        C - +2 broad axe (protect)
rCold   . . .        Q - +0 kite shield
rNeg    . . .        (no body armour)
rPois   .            (helmet restricted)
rElec   .            (no cloak)
rCorr   .            e - +1 pair of gloves
SInv    .            (no boots)
Will    .....        j - amulet of reflection Stlth
                     f - +4 ring of protection
HPRegen 0.42/turn    n - +6 ring of strength
MPRegen 0.12/turn

%: reflection
@: berserking, spiked, very quick
A: horns 2, retaliatory headbutt, agile 1, deterioration 1, high MP 1
a: Renounce Religion, Berserk, Trog's Hand, Brothers in Arms


You were on level 11 of the Dungeon.
You worshipped Trog.
Trog was greatly pleased with you.
You visited 1 branch of the dungeon, and saw 11 of its levels.
You also visited: Bailey.

You collected 574 gold pieces.
You spent 172 gold pieces at shops.

Inventory:

Hand Weapons
 a - a +1 hand axe
 r - a +0 war axe
 s - a +0 heavy hand axe
 B - a +1 heavy hand axe
 C - a +2 broad axe of protection (weapon)
 K - the +9 quarterstaff "Zikoek" {spect, Will+}
   (You found it on level 8 of the Dungeon)

   Will+:     It increases your willpower.
 L - a +6 spear of freezing
 M - a +0 broad axe of flaming
 P - a +0 battleaxe
Missiles
 k - a throwing net (quivered)
Armour
 b - a +0 animal skin
 e - a +1 pair of gloves (worn)
 m - a +0 ring mail
 o - a +2 pair of boots
 v - a +4 ring mail
 x - a +0 chain mail
 J - a +0 plate armour
 N - +0 steam dragon scales
 Q - a +0 kite shield (worn)
Jewellery
 f - a +4 ring of protection (left hand)
 g - an amulet of regeneration
 j - an amulet of reflection (around neck)
 n - a +6 ring of strength (right hand)
 y - an amulet of faith
 z - a +6 ring of intelligence
 A - a ring of ice
Wands
 l - a wand of roots (16)
 p - a wand of digging (8)
 w - a wand of mindburst (11)
 E - a wand of charming (3)
 I - a wand of flame (15)
 R - a wand of acid (6)
Scrolls
 q - a scroll of summoning
 u - 2 scrolls of revelation
 F - a scroll of blinking
 G - a scroll of brand weapon
 H - 2 scrolls of fog
 O - 3 scrolls of poison
 T - a scroll of enchant weapon
Potions
 c - 4 potions of attraction
 d - a potion of lignification
 h - a potion of heal wounds
 i - 2 potions of curing
 t - 2 potions of brilliance
 D - 2 potions of invisibility
 S - a potion of berserk rage


   Skills:
 - Level 5.3 Fighting
 + Level 21.8 Axes
 - Level 3.1 Armour
 - Level 3.2 Dodging


You had 10 spell levels left.
You didn't know any spells.
Your spell library was empty.

Dungeon Overview and Level Annotations

Branches:
Dungeon (11/15)            Temple (0/1) D:4            Lair (0/5) D:10
 Bailey (visited)
    Orc: D:9-12

Altars:
Cheibriados
Hepliaklqana
Makhleb
Okawaru
Qazlal

Shops:
D:3 =(![   D:10 =


Innate Abilities, Weirdness & Mutations

You have a pair of horns on your head.
You reflexively headbutt those who attack you in melee.
You are agile. (Dex +4, Str/Int -1)
Your body sometimes deteriorates upon taking damage.
You have an increased reservoir of magic. (+10% MP)


Message History

You slice the acid dragon!!
Your weapon exudes an aura of protection.
You headbutt the acid dragon.
The acid dragon is severely wounded.
The acid dragon spits acid at you. The splash of acid hits you!
You hear a shout!
You slash the acid dragon!
You kill the acid dragon!
Trog accepts your kill.
The acid dragon scales are intact enough to wear.
A manticore comes into view.
Things that are here:
+0 acid dragon scales; an acid dragon corpse You see here 7 stones.
A cyclops comes into view.
The manticore flicks its tail.
The volley of spikes skewers you!
The barbed spikes become lodged in your body.
Things that are here:
+0 acid dragon scales; an acid dragon corpse The barbed spikes dig painfully into your body as you move.
The manticore bites you! The manticore claws you. x2
* * * LOW HITPOINT WARNING * * *
You hit the manticore.
Your weapon exudes an aura of protection.
The manticore is lightly wounded.
The manticore bites you!
* * * LOW HITPOINT WARNING * * *
You block the manticore's attack. x2
You barely miss the manticore.
The manticore is lightly wounded.
A red film seems to cover your vision as you go berserk!
You feel yourself moving faster!
You feel mighty! The manticore bites you!
* * * LOW HITPOINT WARNING * * *
You block the manticore's attack. The manticore barely misses you.
You barely miss the manticore.
The manticore is lightly wounded.
The manticore bites you!
You die...

##### #...# . #...# ..
.... #########...######...
.... ..............>......
#...##########............
#...#########..[@H........
......##.......##.........
......##.#####(##.........
......#..#####.##..C......
...............##.......##
#......#.########.......#
#....###.# #.........
#..### #.# ####...... ...#
#.# .....


You could see a manticore and a cyclops.

Vanquished Creatures
  2 vault guards (Bailey)
  2 two-headed ogres
  Joseph (D:8)
  An unseen horror (D:11)
  Maggie (D:8)
  3 trolls
  2 hornets (D:9)
  Prince Ribbit (Bailey)
  2 shadows (D:10)
  A vampire (D:10)
  Sigmund (D:2)
  A wraith (D:10)
  4 wyverns
  A basilisk (D:10)
  18 yaks
  7 humans (Bailey)
  Menkaure (D:6)
  3 vampire mosquitoes
  An acid dragon (D:11)
  4 water moccasins
  An orc warrior (D:10)
  5 ice beasts
  3 sky beasts
  A black bear (D:4)
  2 ogres
  3 wolves (D:10)
  A phantom (D:6)
  7 bullfrogs
  3 kobold brigands (D:9)
  3 gnoll sergeants
  2 scorpions
  5 wights (D:9)
  7 killer bees
  2 howler monkeys
  6 hounds
  An orc priest (D:4)
  3 jellies
  2 gnoll boudas
  A sleepcap (D:4)
  3 iguanas
  Natasha (D:4)
  9 orc wizards
  21 gnolls
  6 adders
  A white imp (D:5)
  2 ufetubi (D:7)
  A ribbon worm (D:2)
  A dart slug (D:2)
  17 orcs
  2 ball pythons
  5 bats
  7 endoplasms
  3 giant cockroaches
  22 goblins
  6 hobgoblins
  13 jackals
  3 quokkas
  5 frilled lizards
  17 kobolds
  4 rats
264 creatures vanquished.

Notes
Turn   | Place    | Note
-------+----------+-------------------------------------------
     0 | D:1      | Bigboy123 the Minotaur Berserker began the quest for the
                  | Orb.
     0 | D:1      | Reached XP level 1. HP: 19/19 MP: 0/0
    16 | D:1      | Reached XP level 2. HP: 25/27 MP: 1/1
    37 | D:1      | Reached skill level 4 in Axes
   292 | D:1      | Reached XP level 3. HP: 30/33 MP: 2/2
   557 | D:2      | Reached ** piety under Trog
   675 | D:2      | Noticed Sigmund
   683 | D:2      | Killed Sigmund
   684 | D:2      | Reached skill level 5 in Fighting
   684 | D:2      | Reached skill level 5 in Axes
   684 | D:2      | Reached XP level 4. HP: 42/42 MP: 3/3
   684 | D:2      | Reached XP level 5. HP: 48/48 MP: 4/4
   752 | D:2      | Found a faded altar of an unknown god.
  1050 | D:2      | Reached skill level 6 in Axes
  1211 | D:3      | Found Verch's Jewellery Shop.
  1223 | D:3      | Reached XP level 6. HP: 56/56 MP: 5/5
  1336 | D:3      | Found Bups's Antique Weapon Shoppe.
  1435 | D:3      | Found Izoamada's Antique Armour Boutique.
  1443 | D:3      | Bought a pair of embroidered boots for 172 gold pieces
  1551 | D:3      | Found Otaalom's Distillery.
  1649 | D:3      | Reached skill level 7 in Axes
  1868 | D:4      | Reached skill level 8 in Axes
  1868 | D:4      | Reached XP level 7. HP: 58/61 MP: 6/6
  1983 | D:4      | Found a staircase to the Ecumenical Temple.
  2095 | D:4      | Noticed Natasha
  2104 | D:4      | Killed Natasha
  2261 | D:4      | Reached *** piety under Trog
  2274 | D:4      | Reached skill level 9 in Axes
  2434 | D:4      | Found a hazy altar of Hepliaklqana.
  2469 | D:5      | Entered Level 5 of the Dungeon
  2681 | D:5      | Reached skill level 10 in Axes
  2839 | D:5      | Reached XP level 8. HP: 68/68 MP: 7/7
  2996 | D:5      | Reached skill level 11 in Axes
  3286 | D:5      | Found an iron altar of Okawaru.
  3286 | D:5      | Found a snail-covered altar of Cheibriados.
  3403 | D:6      | Noticed Menkaure
  3407 | D:6      | Killed Menkaure
  3408 | D:6      | Reached skill level 12 in Axes
  3704 | D:6      | Noticed a troll
  3705 | D:6      | Reached skill level 13 in Axes
  3711 | D:6      | Killed a troll
  3712 | D:6      | Reached XP level 9. HP: 52/74 MP: 8/8
  3862 | D:6      | Reached skill level 14 in Axes
  4323 | D:7      | Reached **** piety under Trog
  4377 | D:7      | Identified the beast talisman of Atheism {rPois rF+ Int+2
                  | Dex-2}
  4445 | D:7      | Reached skill level 15 in Axes
  4954 | D:8      | Noticed a two-headed ogre
  4968 | D:7      | Reached skill level 16 in Axes
  5129 | D:8      | Killed a two-headed ogre
  5130 | D:8      | Reached XP level 10. HP: 17/81 MP: 9/9
  5470 | D:8      | Found a flagged portal.
  5479 | Bailey   | Entered a bailey
  5512 | Bailey   | Reached skill level 17 in Axes
  5709 | Bailey   | Noticed a vault guard
  5709 | Bailey   | Noticed Prince Ribbit
  5718 | Bailey   | Killed Prince Ribbit
  5721 | Bailey   | Killed a vault guard
  5722 | Bailey   | Reached skill level 18 in Axes
  5761 | Bailey   | Noticed a vault guard
  5786 | Bailey   | Killed a vault guard
  6236 | D:8      | Identified the +9 quarterstaff "Zikoek" {spect, Will+}
  6293 | D:8      | Noticed Joseph
  6303 | D:8      | Killed Joseph
  6304 | D:8      | Reached skill level 19 in Axes
  6433 | D:8      | Noticed Maggie
  6439 | D:8      | Killed Maggie
  6440 | D:8      | Reached XP level 11. HP: 76/88 MP: 10/10
  6930 | D:8      | Gained mutation: Your body sometimes deteriorates upon
                  | taking damage. [potion of mutation]
  6930 | D:8      | Gained mutation: You are agile. (Dex +4, Str/Int -1)
                  | [potion of mutation]
  6930 | D:8      | Gained mutation: You have an increased reservoir of magic.
                  | (+10% MP) [potion of mutation]
  7012 | D:9      | Found a stormy altar of Qazlal.
  7234 | D:9      | Paralysed by a hornet for 2 turns
  7949 | D:10     | Entered Level 10 of the Dungeon
  8106 | D:10     | Reached skill level 20 in Axes
  8230 | D:10     | Noticed a two-headed ogre
  8245 | D:10     | Killed a two-headed ogre
  8412 | D:10     | Found a staircase to the Lair.
  8471 | D:10     | Reached skill level 21 in Axes
  8512 | D:10     | Found a burning altar of Makhleb.
  8523 | D:10     | Reached ***** piety under Trog
  8661 | D:10     | Found Ekhenly's Jewellery Shop.
  9537 | D:11     | HP: 6/132 [manticore (9)]
  9538 | D:11     | Slain by a manticore

Illustrated notes

Levels and vault maps discovered:
D:1:      ncdulo_watergridlock, layout_basic
D:2:      layout_rooms, basic_ecumenical_altar, uniq_sigmund
D:3:      layout_basic, serial_shops, nicolae_shop_hallway_stairs, shop,
          nicolae_shop_crystal, nicolae_shop_just_a_little_nook,
          minmay_ogre_servants
D:4:      layout_cave_pools, worldfamousw_hep_ancestral_shrine, temple_statues,
          uniq_natasha
D:5:      layout_loops_cross, gammafunk_temple_overflow_wave
D:6:      layout_loops_corners, uniq_menkaure
D:7:      layout_loops_cross
D:8:      layout_layer_cave, enter_bailey_3, uniq_maggie, uniq_joseph
D:9:      layout_loops_ring, grunt_qazlal_clouds
D:10:     layout_basic, general_overflow_altar, minmay_lair_entry_grove,
          serial_shops, shop
D:11:     minmay_razor_zed, layout_basic

Skill      XL: |  1  2  3  4  5  6  7  8  9 10 11 |
---------------+----------------------------------+-----
Fighting       | 4 5 |  5.3
Axes           | 4 5 6 8 10 13 16 19 21 | 21.8
Armour         | 3 |  3.1
Dodging        | 3 |  3.2

Action                     |  1- 3 |  4- 6 |  7- 9 | 10-12 || total
---------------------------+-------+-------+-------+-------++-------
  Melee: Hand axe          |    47 |    74 |    36 |       ||   157
         Headbutt          |     6 |     9 |    24 |    48 ||    87
         War axe           |       |       |   148 |    85 ||   233
         Broad axe         |       |       |       |   214 ||   214
 Invoke: Berserk           |     1 |     2 |     4 |     4 ||    11
         Trog's Hand       |       |     1 |     1 |     6 ||     8
         Brothers in Arms  |       |       |       |     1 ||     1
    Use: Scroll            |       |     3 |     7 |     8 ||    18
         Potion            |       |     3 |     2 |     5 ||    10
 Armour: Animal skin       |    30 |    16 |       |       ||    46
         Ring mail         |       |    38 |    76 |       ||   114
         Chain mail        |       |       |    89 |    98 ||   187
         Skin              |       |       |       |    71 ||    71
         Plate armour      |       |       |       |    33 ||    33
  Dodge: Dodged            |    34 |    59 |   116 |    79 ||   288
  Block: Other             |       |       |    30 |    33 ||    63
         Kite shield       |       |       |       |    27 ||    27
         Reflection        |       |       |       |     4 ||     4

Table legend: (Time is in decaauts)
 A = Elapsed time spent in this place.
 B = Non-inter-level travel time spent in this place.
 C = Inter-level travel time spent in this place.
 D = Time resting spent in this place.
 E = Time spent auto-exploring this place.
 F = Levels seen in this place.
 G = Mean time per level.
                   A        B        C        D        E       F      G
               +--------+--------+--------+--------+--------+-----+--------+
         Total |   9527 |   9213 |    314 |    994 |   6463 |  12 |  793.9 |
       Dungeon |   9130 |   8816 |    314 |    911 |   6390 |  11 |  830.0 |
        Bailey |    397 |    397 |      0 |     83 |     73 |   1 |  397.0 |
               +--------+--------+--------+--------+--------+-----+--------+

Top non-repeatable levels by time:
     D:8: 1425 daAuts
     D:9: 985 daAuts
     D:6: 916 daAuts
    D:10: 873 daAuts
     D:7: 860 daAuts
     D:5: 834 daAuts
    D:11: 698 daAuts
     D:2: 672 daAuts
     D:4: 666 daAuts
     D:3: 646 daAuts
     D:1: 549 daAuts
  Bailey: 397 daAuts
